[Event "Germany Countries-chT Youth 2022"]
[Site "Wiesbaden"]
[Date "2022.10.03"]
[Round "6"]
[White "Nizamova, Rita"]
[Black "Vranckx, Oscar"]
[Result "0-1"]
[ECO "B21"]
[WhiteElo "1813"]
[BlackElo "1583"]
[Annotator "NA RC COMBH"]
[PlyCount "125"]
[EventDate "2022.09.28"]
[EventType "team-tourn"]
[EventRounds "7"]
[EventCountry "GER"]
[SourceTitle "playchess.com"]
[Source "ChessBase"]
[SourceQuality "1"]
[TimeControl "40/5400+30:1800+30"]

1. e4 c5 2. d4 cxd4 3. c3 e5 4. Nf3 Nc6 5. Bc4 Nf6 6. O-O Bc5 7. cxd4 Bxd4 8. Nxd4 Nxd4 9. Be3 Ne6 10. Bxe6 dxe6 11. Qc2 Bd7 12. Nc3 O-O 13. Bc5 Re8 14. Rfd1 Rc8 15. Bd6 Qa5 16. Qe2 b5 17. a3 Bc6 18. b4 Qb6 19. Bc5 Qb7 20. f3 Nh5 21. Qe3 Nf4 22. Bxa7 f5 23. Bc5 Qf7 24. Qe1 Red8 25. exf5 Qxf5 26. Ne4 Qg6 27. Ng3 Qc2 28. Bf2 Bxf3 29. Rxd8+ Rxd8 30. gxf3 Nh3+ 31. Kf1 Rd2 32. Ne4 Qd3+ 33. Kg2 Nf4+ 34. Kg3 Rc2 35. Rd1 Ne2+ 36. Kg4 h5+ 37. Kxh5 Qxf3+ 38. Kg5 Qf5+ 39. Kh4 g5+ 40. Nxg5 Rc4+ 41. Bd4 Nxd4 42. Kh5 Nf3 43. Rd8+ Kg7 44. Rd7+ Kf8 45. Qg3 Ke8 46. Rf7 Qxg5+ 47. Qxg5 Nxg5 48. Rb7 Nf3 49. Kg6 Nd4 50. h4 Nf5 51. h5 e4 52. Rxb5 e3 53. Re5 Ke7 54. h6 Rg4+ 55. Kh5 Rh4+ 56. Kg5 Rxh6 57. b5 Rh2 58. a4 Rg2+ 59. Kf4 Kd6 60. b6 Rb2 61. Re4 Rxb6 62. Kf3 Kd5 63. a5 0-1

[Event "Germany Countries-chT Youth 2022"]
[Site "Wiesbaden"]
[Date "2022.10.03"]
[Round "6"]
[White "Pohle, Saskia"]
[Black "Glowiak, Alexandra"]
[Result "0-1"]
[ECO "C97"]
[WhiteElo "1756"]
[BlackElo "1602"]
[Annotator "NA RC COMBH"]
[PlyCount "102"]
[EventDate "2022.09.28"]
[EventType "team-tourn"]
[EventRounds "7"]
[EventCountry "GER"]
[SourceTitle "playchess.com"]
[Source "ChessBase"]
[SourceQuality "1"]
[TimeControl "40/5400+30:1800+30"]

1. e4 e5 2. Nf3 Nc6 3. Bb5 a6 4. Ba4 Nf6 5. O-O b5 6. Bb3 Be7 7. Re1 d6 8. c3 Na5 9. Bc2 c5 10. h3 O-O 11. d4 Qc7 12. Nbd2 Bd7 13. Nf1 Rfe8 14. Ng3 g6 15. Bg5 Kg7 16. dxe5 dxe5 17. Nxe5 Bxh3 18. gxh3 Qxe5 19. f4 Qc7 20. Bxf6+ Bxf6 21. Qg4 Kh8 22. Re2 Rg8 23. e5 Be7 24. Kh2 Nc6 25. Rg1 Raf8 26. Nf5 gxf5 27. Qxf5 Rg6 28. Qh5 Rfg8 29. Bxg6 fxg6 30. Reg2 Bf8 31. Qg4 Ne7 32. Qe6 Qc8 33. Qf6+ Rg7 34. Rd1 Kg8 35. Qg5 Qf5 36. Rd6 Qxg5 37. fxg5 a5 38. Ra6 Nf5 39. Rxa5 b4 40. cxb4 cxb4 41. Ra8 Re7 42. Rg4 Rb7 43. Rc4 Kf7 44. e6+ Ke7 45. Rcc8 Bg7 46. Re8+ Kd6 47. Rad8+ Kc6 48. Rc8+ Rc7 49. Rb8 Bxb2 50. Rxb4 Be5+ 51. Kg2 Bg3 0-1

[Event "Germany Countries-chT Youth 2022"]
[Site "Wiesbaden"]
[Date "2022.10.03"]
[Round "6"]
[White "Yue, Qizhou"]
[Black "Nechitailo, Nikita"]
[Result "0-1"]
[ECO "B39"]
[WhiteElo "1711"]
[BlackElo "1651"]
[Annotator "NA RC COMBH"]
[PlyCount "56"]
[EventDate "2022.09.28"]
[EventType "team-tourn"]
[EventRounds "7"]
[EventCountry "GER"]
[SourceTitle "playchess.com"]
[Source "ChessBase"]
[SourceQuality "1"]
[TimeControl "40/5400+30:1800+30"]

1. e4 c5 2. Nf3 Nc6 3. d4 cxd4 4. Nxd4 g6 5. c4 Bg7 6. Be3 Nf6 7. Nc3 Ng4 8. Qxg4 Nxd4 9. Qd1 Ne6 10. Qd2 O-O 11. Be2 d6 12. O-O a5 13. Rac1 Nc5 14. f3 Be6 15. b3 Qb6 16. Nd5 Bxd5 17. exd5 Qb4 18. Qc2 a4 19. bxa4 Qxa4 20. Qb1 Qxa2 21. Rc2 Qa3 22. Bxc5 Qxc5+ 23. Kh1 b6 24. f4 Ra5 25. Qb3 Rfa8 26. g3 Ra3 27. Qb5 Qe3 28. Rf3 Qe4 0-1

[Event "Germany Countries-chT Youth 2022"]
[Site "Wiesbaden"]
[Date "2022.10.03"]
[Round "6"]
[White "Keymer, Cecilia"]
[Black "Zoellner, Bente"]
[Result "0-1"]
[ECO "D31"]
[WhiteElo "1696"]
[BlackElo "1756"]
[Annotator "NA RC COMBH"]
[PlyCount "78"]
[EventDate "2022.09.28"]
[EventType "team-tourn"]
[EventRounds "7"]
[EventCountry "GER"]
[SourceTitle "playchess.com"]
[Source "ChessBase"]
[SourceQuality "1"]
[TimeControl "40/5400+30:1800+30"]

1. d4 d5 2. c4 e6 3. Nc3 a6 4. cxd5 exd5 5. Nf3 c6 6. Qc2 Bd6 7. Bg5 Be7 8. Bf4 Bd6 9. Bxd6 Qxd6 10. e3 Ne7 11. Bd3 g6 12. O-O Bf5 13. e4 dxe4 14. Bxe4 Nd7 15. Rad1 Nf6 16. Bxf5 Nxf5 17. Rfe1+ Kf8 18. Qb3 Kg7 19. Ne5 Qc7 20. Qc4 Nd6 21. Qc5 Rac8 22. f3 b6 23. Qb4 a5 24. Qb3 b5 25. Rc1 Qa7 26. Ne2 c5 27. Qd3 Nf5 28. Red1 Rhd8 29. Qxb5 Rd5 30. Qd3 Rxe5 31. dxe5 c4+ 32. Kh1 cxd3 33. exf6+ Kxf6 34. Rxc8 dxe2 35. Re1 Qf2 36. Rcc1 Ne3 37. Rg1 h5 38. Rc6+ Kg7 39. Rcc1 Nf1 0-1

[Event "Germany Countries-chT Youth 2022"]
[Site "Wiesbaden"]
[Date "2022.10.03"]
[Round "6"]
[White "Buchholz, Maja"]
[Black "Prinzen, Siri Marleen"]
[Result "1/2-1/2"]
[ECO "A20"]
[WhiteElo "1695"]
[BlackElo "1733"]
[Annotator "NA RC COMBH"]
[PlyCount "84"]
[EventDate "2022.09.28"]
[EventType "team-tourn"]
[EventRounds "7"]
[EventCountry "GER"]
[SourceTitle "playchess.com"]
[Source "ChessBase"]
[SourceQuality "1"]
[TimeControl "40/5400+30:1800+30"]

1. c4 e5 2. g3 f5 3. Bg2 Nf6 4. Nc3 g6 5. e3 Bg7 6. Nge2 d6 7. Rb1 c6 8. d4 e4 9. d5 c5 10. Nf4 Qe7 11. Qa4+ Kf7 12. h4 Ng4 13. Bd2 Ne5 14. Nce2 Bd7 15. Qb3 b6 16. a3 Na6 17. Ng1 h6 18. Bc3 Nc7 19. h5 gxh5 20. a4 Rab8 21. Bf1 Bf6 22. Be2 Ng4 23. Nxh5 Bxc3+ 24. Qxc3 Ne5 25. b3 Ne8 26. Nh3 Nf6 27. N3f4 Nh7 28. Ng2 Ng5 29. Nhf4 Qf6 30. Kd1 Ke7 31. Kc2 Be8 32. Bh5 Bf7 33. Nh4 a5 34. Rbd1 Rbg8 35. Qd2 Rh7 36. Qe2 Rhh8 37. Bxf7 Qxf7 38. Qh5 Qf6 39. Rdf1 Rh7 40. Rd1 Rhh8 41. Kb1 Rh7 42. Kc2 Rhh8 1/2-1/2

[Event "Germany Countries-chT Youth 2022"]
[Site "Wiesbaden"]
[Date "2022.10.03"]
[Round "6"]
[White "Limmer, Marco"]
[Black "Bezsonna, Polina"]
[Result "1-0"]
[ECO "A16"]
[WhiteElo "1691"]
[BlackElo "1649"]
[Annotator "NA RC COMBH"]
[PlyCount "120"]
[EventDate "2022.09.28"]
[EventType "team-tourn"]
[EventRounds "7"]
[EventCountry "GER"]
[SourceTitle "playchess.com"]
[Source "ChessBase"]
[SourceQuality "1"]
[TimeControl "40/5400+30:1800+30"]

1. c4 Nf6 2. Nc3 c5 3. e4 Nc6 4. g3 g6 5. Bg2 Bg7 6. Nge2 d6 7. O-O O-O 8. d3 Nd4 9. h3 Rb8 10. Be3 Ne8 11. Rb1 Nc7 12. b4 Nxe2+ 13. Nxe2 Na6 14. a3 b6 15. Qd2 Bb7 16. Bh6 e6 17. Bxg7 Kxg7 18. d4 Nc7 19. Rfd1 cxb4 20. axb4 f5 21. d5 e5 22. Qc3 fxe4 23. Bxe4 Qf6 24. f3 Ba6 25. Ra1 Ra8 26. Rd2 Bc8 27. c5 bxc5 28. bxc5 Bf5 29. Bxf5 gxf5 30. cxd6 Qxd6 31. f4 Nxd5 32. Qxe5+ Qxe5 33. fxe5 Nb6 34. Nf4 Rfe8 35. e6 Kf6 36. Rda2 Re7 37. Ra6 Rb7 38. Rxb6 Rxb6 39. Nd5+ Kxe6 40. Nxb6 Rb8 41. Nc4 Rb7 42. Re1+ Kd5 43. Ne3+ Ke4 44. Ng4+ Kd4 45. Nh6 Rb5 46. Rf1 Kc3 47. Nxf5 a5 48. Rf3+ Kb2 49. Nd4 Rd5 50. Rb3+ Ka2 51. Rb5 Rxd4 52. Rxa5+ Kb3 53. Ra7 h5 54. h4 Rd5 55. Rc7 Rf5 56. Kg2 Kb4 57. Kh3 Kb5 58. Rg7 Kc6 59. Rg5 Rxg5 60. hxg5 Kd5 1-0

[Event "Germany Countries-chT Youth 2022"]
[Site "Wiesbaden"]
[Date "2022.10.03"]
[Round "6"]
[White "Neininger, Sarah"]
[Black "Schwarzfischer, Julia"]
[Result "1/2-1/2"]
[ECO "C55"]
[WhiteElo "1589"]
[BlackElo "1300"]
[Annotator "NA RC COMBH"]
[PlyCount "127"]
[EventDate "2022.09.28"]
[EventType "team-tourn"]
[EventRounds "7"]
[EventCountry "GER"]
[SourceTitle "playchess.com"]
[Source "ChessBase"]
[SourceQuality "1"]
[TimeControl "40/5400+30:1800+30"]

1. e4 e5 2. Nf3 Nc6 3. d4 exd4 4. Bc4 Nf6 5. e5 d5 6. Bb5 Ne4 7. Nxd4 Bd7 8. Bxc6 bxc6 9. O-O Be7 10. Nd2 Nc5 11. f4 O-O 12. Kh1 f6 13. N2f3 a5 14. f5 fxe5 15. Nxe5 Bd6 16. Ndxc6 Bxc6 17. Nxc6 Qh4 18. Qxd5+ Kh8 19. Ne5 Rae8 20. Bf4 Rd8 21. Nf7+ Rxf7 22. Bxd6 Rfd7 23. Qxc5 Rxd6 24. Qxc7 Rd2 25. h3 Qe4 26. Qg3 Rxc2 27. Rae1 Qb7 28. Rf2 Rxb2 29. Qe5 Rb1 30. Qxa5 Re8 31. Rff1 Rbxe1 32. Rxe1 Ra8 33. Qe5 h6 34. f6 Rxa2 35. fxg7+ Kh7 36. g8=Q+ Kxg8 37. Qe6+ Qf7 38. Qg4+ Kh7 39. Qe4+ Kg7 40. Qe5+ Kh7 41. Qe7 Qg7 42. Qxg7+ Kxg7 43. Re6 h5 44. Kh2 Rf2 45. Kg3 Rd2 46. Kf3 Rd3+ 47. Kf4 Rd2 48. Kg5 Rxg2+ 49. Kxh5 Kf7 50. Rb6 Rh2 51. h4 Kg7 52. Rb4 Kf6 53. Kh6 Kf5 54. h5 Rg2 55. Rb5+ Kf6 56. Kh7 Rg7+ 57. Kh8 Re7 58. Rb6+ Kg5 59. h6 Re8+ 60. Kg7 Re7+ 61. Kg8 Re8+ 62. Kf7 Ra8 63. h7 Ra7+ 64. Kg8 1/2-1/2

[Event "Germany Countries-chT Youth 2022"]
[Site "Wiesbaden"]
[Date "2022.10.03"]
[Round "6"]
[White "Ulrich, Helena Irene"]
[Black "Modali, Nikhilamrutha"]
[Result "1-0"]
[ECO "B47"]
[WhiteElo "1573"]
[BlackElo "1355"]
[Annotator "NA RC COMBH"]
[PlyCount "79"]
[EventDate "2022.09.28"]
[EventType "team-tourn"]
[EventRounds "7"]
[EventCountry "GER"]
[SourceTitle "playchess.com"]
[Source "ChessBase"]
[SourceQuality "1"]
[TimeControl "40/5400+30:1800+30"]

1. e4 c5 2. Nf3 e6 3. d4 cxd4 4. Nxd4 Nc6 5. Nc3 Qc7 6. f4 e5 7. Ndb5 Qb8 8. Nd5 Bd6 9. f5 a6 10. Nxd6+ Qxd6 11. Bg5 Kf8 12. c3 f6 13. Be3 Nge7 14. b4 Nxd5 15. Bc5 Qxc5 16. bxc5 Nxc3 17. Qf3 Nb5 18. O-O-O Ncd4 19. Qh5 d5 20. exd5 Bxf5 21. Bxb5 axb5 22. Rxd4 Bg6 23. Qe2 exd4 24. Re1 Re8 25. Qd2 d3 26. Rxe8+ Kxe8 27. Qe1+ Kd8 28. Qa5+ Ke7 29. Qc7+ Kf8 30. Qc8+ Be8 31. d6 Kf7 32. d7 b4 33. d8=Q g5 34. Qxb7+ Kg6 35. Qbe7 Rg8 36. Qxf6+ Kh5 37. Qf3+ g4 38. Qdd5+ Kh6 39. Qf6+ Bg6 40. Qdg5# 1-0

[Event "Germany Countries-chT Youth 2022"]
[Site "Wiesbaden"]
[Date "2022.10.03"]
[Round "6"]
[White "Skembris, Simon Max"]
[Black "Huppert, Anna"]
[Result "1-0"]
[ECO "C06"]
[WhiteElo "1540"]
[BlackElo "1417"]
[Annotator "NA RC COMBH"]
[PlyCount "79"]
[EventDate "2022.09.28"]
[EventType "team-tourn"]
[EventRounds "7"]
[EventCountry "GER"]
[SourceTitle "playchess.com"]
[Source "ChessBase"]
[SourceQuality "1"]
[TimeControl "40/5400+30:1800+30"]

1. e4 e6 2. d4 d5 3. Nd2 Nf6 4. e5 Nfd7 5. Bd3 c5 6. c3 Nc6 7. Ne2 cxd4 8. cxd4 f6 9. exf6 Nxf6 10. Nf3 Bd6 11. O-O Qc7 12. g3 e5 13. dxe5 Nxe5 14. Nxe5 Bxe5 15. Bf4 O-O 16. Rc1 Qd6 17. Bxe5 Qxe5 18. Qd2 Ne4 19. Bxe4 Qxe4 20. Nc3 Qf3 21. Qxd5+ Qxd5 22. Nxd5 Bh3 23. Rfe1 Rad8 24. Nf4 Bg4 25. Rc7 g5 26. Ree7 Bf5 27. Rg7+ Kh8 28. Rxg5 Rd2 29. Rgg7 a5 30. Rge7 b5 31. Nh5 Kg8 32. Rg7+ Kh8 33. g4 Be4 34. f3 Rd1+ 35. Kf2 Rxf3+ 36. Ke2 Rd8 37. Rge7 Ba8 38. Rxh7+ Kg8 39. Rcg7+ Kf8 40. Rh8# 1-0

[Event "Germany Countries-chT Youth 2022"]
[Site "Wiesbaden"]
[Date "2022.10.03"]
[Round "6"]
[White "Henninger, Claire"]
[Black "Mueller, Sophie Charlotte"]
[Result "1-0"]
[ECO "B01"]
[WhiteElo "1526"]
[BlackElo "1435"]
[Annotator "NA RC COMBH"]
[PlyCount "67"]
[EventDate "2022.09.28"]
[EventType "team-tourn"]
[EventRounds "7"]
[EventCountry "GER"]
[SourceTitle "playchess.com"]
[Source "ChessBase"]
[SourceQuality "1"]
[TimeControl "40/5400+30:1800+30"]

1. e4 d5 2. exd5 Qxd5 3. Nc3 Qa5 4. d4 c6 5. Bd2 Bf5 6. Bc4 Nf6 7. Nf3 Nbd7 8. Qe2 Qc7 9. d5 Bg4 10. O-O-O Nb6 11. Bg5 Bxf3 12. gxf3 Nfxd5 13. Nxd5 Nxd5 14. Bxd5 cxd5 15. Rxd5 f6 16. Be3 e6 17. Rd3 Bd6 18. Rc3 Qe7 19. Rd1 O-O 20. h4 b6 21. Rg1 g6 22. h5 g5 23. f4 h6 24. fxg5 fxg5 25. Qd3 Bf4 26. Qg6+ Qg7 27. Qxe6+ Kh8 28. Rc6 Bxe3+ 29. fxe3 Kh7 30. Qe4+ Kh8 31. Rg6 Rae8 32. Qc6 Rc8 33. Rxh6+ Kg8 34. Qe6+ 1-0

[Event "Germany Countries-chT Youth 2022"]
[Site "Wiesbaden"]
[Date "2022.10.03"]
[Round "6"]
[White "Pflugradt, Natalie"]
[Black "Braun, Julian"]
[Result "1-0"]
[ECO "C50"]
[WhiteElo "1518"]
[BlackElo "1715"]
[Annotator "NA RC COMBH"]
[PlyCount "120"]
[EventDate "2022.09.28"]
[EventType "team-tourn"]
[EventRounds "7"]
[EventCountry "GER"]
[SourceTitle "playchess.com"]
[Source "ChessBase"]
[SourceQuality "1"]
[TimeControl "40/5400+30:1800+30"]

1. e4 e5 2. Nf3 Nc6 3. Bc4 Nf6 4. d3 Bc5 5. c3 O-O 6. O-O d5 7. exd5 Nxd5 8. h3 Nb6 9. Bb3 Bf5 10. Nxe5 Nxe5 11. d4 Bd3 12. Re1 Bxd4 13. cxd4 Qxd4 14. Nc3 Rad8 15. Be3 Qd6 16. Bf4 Rfe8 17. Rc1 Qf6 18. Bxe5 Rxe5 19. Rxe5 Qxe5 20. Qf3 Bc4 21. Bxc4 Nxc4 22. Qxb7 Qg5 23. Re1 Ne5 24. Qe4 Re8 25. Kh1 Qe7 26. Re2 Qe6 27. Qd4 Qd6 28. Qxd6 cxd6 29. f4 f6 30. fxe5 dxe5 31. Rd2 Re7 32. Kg1 Kf7 33. Kf2 Ke6 34. Ne4 Kf5 35. Kf3 h5 36. Ke3 Ke6 37. Nc5+ Kf5 38. Rd7 Re8 39. Rxa7 Rc8 40. b4 g5 41. a4 g4 42. hxg4+ hxg4 43. a5 Kg5 44. Rg7+ Kh4 45. Ne4 Kh5 46. Nxf6+ Kh6 47. Rxg4 Rc6 48. Nd5 Rc8 49. Rg6+ Kh7 50. Re6 Rc2 51. Rxe5 Rxg2 52. Kf3 Ra2 53. Re6 Ra3+ 54. Ke4 Ra1 55. a6 Re1+ 56. Ne3 Rb1 57. Rb6 Ra1 58. Rb7+ Kg6 59. a7 Ra4 60. Kd5 Kf6 1-0

[Event "Germany Countries-chT Youth 2022"]
[Site "Wiesbaden"]
[Date "2022.10.03"]
[Round "6"]
[White "Roessling, Laura Marie"]
[Black "Halas, Neele Zoe"]
[Result "0-1"]
[ECO "C50"]
[WhiteElo "1418"]
[BlackElo "1392"]
[Annotator "NA RC COMBH"]
[PlyCount "120"]
[EventDate "2022.09.28"]
[EventType "team-tourn"]
[EventRounds "7"]
[EventCountry "GER"]
[SourceTitle "playchess.com"]
[Source "ChessBase"]
[SourceQuality "1"]
[TimeControl "40/5400+30:1800+30"]

1. e4 e5 2. Nf3 Nc6 3. Bc4 Be7 4. d4 exd4 5. Nxd4 Nf6 6. Nc3 Bb4 7. Qd3 Ne5 8. Qe2 Bxc3+ 9. bxc3 Nxc4 10. Qxc4 c6 11. O-O O-O 12. Bg5 Re8 13. Rfe1 h6 14. Bh4 g5 15. e5 d5 16. Qd3 Ne4 17. Bg3 c5 18. Nb5 Bf5 19. Qf3 Nxg3 20. Qxg3 Bxc2 21. e6 f5 22. Qe5 Re7 23. Nd6 Qc7 24. Qe2 Qxd6 25. Qxc2 Rf8 26. Qa4 b6 27. Rad1 Rfe8 28. g3 Qc7 29. Rxd5 f4 30. Qe4 Rg7 31. Re5 Qe7 32. Qc6 fxg3 33. hxg3 Rg6 34. Qf3 Rf6 35. Qh5 Kg7 36. Kg2 Qf8 37. e7 Rxf2+ 38. Kh3 Qf7 39. Qg4 Qxa2 40. R5e2 Rxe2 41. Rxe2 Qf7 42. Qd7 Qh5+ 43. Kg2 Qxe2+ 44. Kh3 Qxe7 45. Qd1 Qe6+ 46. Kh2 Qe2+ 47. Qxe2 Rxe2+ 48. Kh3 a5 49. c4 a4 50. g4 a3 51. Kg3 a2 52. Kf3 Rb2 53. Ke4 a1=Q 54. Kd5 Qh1+ 55. Kd6 b5 56. Kxc5 bxc4 57. Kd4 Qd1+ 58. Kc5 c3 59. Kc4 c2 60. Kc3 c1=Q# 0-1

[Event "Germany Countries-chT Youth 2022"]
[Site "Wiesbaden"]
[Date "2022.10.03"]
[Round "6"]
[White "Kellner, Anton"]
[Black "Goepfert, Gregor"]
[Result "1/2-1/2"]
[ECO "D30"]
[WhiteElo "1382"]
[BlackElo "1480"]
[Annotator "NA RC COMBH"]
[PlyCount "90"]
[EventDate "2022.09.28"]
[EventType "team-tourn"]
[EventRounds "7"]
[EventCountry "GER"]
[SourceTitle "playchess.com"]
[Source "ChessBase"]
[SourceQuality "1"]
[TimeControl "40/5400+30:1800+30"]

1. d4 d5 2. c4 e6 3. Nf3 Nf6 4. Bg5 h6 5. Bh4 Bb4+ 6. Nc3 dxc4 7. e3 b5 8. Be2 Bb7 9. O-O c6 10. Qc2 O-O 11. Ne4 Be7 12. Bxf6 Bxf6 13. Nc5 Qc7 14. Nd2 Nd7 15. Nxb7 Qxb7 16. Ne4 Be7 17. Bf3 Rac8 18. Rab1 Qb6 19. Rfd1 Rfd8 20. b3 cxb3 21. Rxb3 c5 22. Qb2 a6 23. Rbd3 c4 24. R3d2 b4 25. Rc2 a5 26. Rdc1 c3 27. Qb3 Qa7 28. a4 Nb6 29. Be2 Rd7 30. Rd1 Rcd8 31. f4 Nd5 32. Kf2 Bh4+ 33. g3 Be7 34. Bb5 Rc7 35. Kf3 Qb7 36. Bd3 Nf6 37. Rb1 Qa8 38. Rd1 g5 39. h3 Qc6 40. Rcc1 Rcd7 41. Qc2 Kh8 42. Kf2 Nxe4+ 43. Bxe4 Qb6 44. Qb3 gxf4 45. gxf4 Bf6 1/2-1/2

[Event "Germany Countries-chT Youth 2022"]
[Site "Wiesbaden"]
[Date "2022.10.03"]
[Round "6"]
[White "Mukazhanov, Mansur"]
[Black "Basovskiy, Jana"]
[Result "0-1"]
[ECO "B10"]
[WhiteElo "1319"]
[BlackElo "1858"]
[Annotator "NA RC COMBH"]
[PlyCount "78"]
[EventDate "2022.09.28"]
[EventType "team-tourn"]
[EventRounds "7"]
[EventCountry "GER"]
[SourceTitle "playchess.com"]
[Source "ChessBase"]
[SourceQuality "1"]
[TimeControl "40/5400+30:1800+30"]

1. e4 c6 2. c4 d5 3. cxd5 cxd5 4. exd5 Nf6 5. Nc3 Nxd5 6. Nf3 Nc6 7. Bb5 e6 8. Qa4 Bd7 9. Nxd5 exd5 10. O-O Be7 11. d4 O-O 12. Be3 a6 13. Bd3 Nb4 14. Qb3 Nxd3 15. Qxd3 Bb5 16. Qd2 Bxf1 17. Rxf1 Rc8 18. Bg5 Bxg5 19. Nxg5 h6 20. Nf3 Qc7 21. Ne5 Qc2 22. Qb4 Rc7 23. h3 Rfc8 24. Qd6 Qe4 25. Nf3 Rc6 26. Qd7 Rc1 27. Kh2 Qf4+ 28. Kg1 Rxf1+ 29. Kxf1 Rc1+ 30. Ne1 Qe4 31. Qd8+ Kh7 32. Qa5 Qd3+ 33. Kg1 Qe2 34. Kh2 Rxe1 35. Qxd5 Qxf2 36. Qxb7 Qf4+ 37. g3 Re2+ 38. Kg1 Qf2+ 39. Kh1 Qh2# 0-1

[Event "Germany Countries-chT Youth 2022"]
[Site "Wiesbaden"]
[Date "2022.10.03"]
[Round "6"]
[White "Czaeczine, Paula"]
[Black "Noennig, Jakob"]
[Result "0-1"]
[ECO "C45"]
[WhiteElo "1304"]
[BlackElo "1540"]
[Annotator "NA RC COMBH"]
[PlyCount "72"]
[EventDate "2022.09.28"]
[EventType "team-tourn"]
[EventRounds "7"]
[EventCountry "GER"]
[SourceTitle "playchess.com"]
[Source "ChessBase"]
[SourceQuality "1"]
[TimeControl "40/5400+30:1800+30"]

1. e4 e5 2. Nf3 Nc6 3. d4 exd4 4. Nxd4 Bc5 5. Be3 Qf6 6. c3 Nge7 7. Bc4 O-O 8. O-O b6 9. Kh1 Bb7 10. f3 Ne5 11. Be2 d5 12. b4 Bxd4 13. cxd4 Nd7 14. e5 Qe6 15. Nd2 Nf5 16. Bf2 a5 17. b5 c6 18. bxc6 Bxc6 19. f4 b5 20. Rb1 b4 21. Bg4 Bb5 22. Re1 Rfc8 23. a3 Bd3 24. Ra1 Bc2 25. Qe2 b3 26. Rg1 Nb6 27. Be1 b2 28. Ra2 b1=Q 29. Nxb1 Bxb1 30. Rb2 Be4 31. Bf3 Bxf3 32. Qxf3 Nc4 33. Rb1 Nxd4 34. Qd3 Qf5 35. Rd1 Qxd3 36. Rxd3 Nc2 0-1

[Event "Germany Countries-chT Youth 2022"]
[Site "Wiesbaden"]
[Date "2022.10.03"]
[Round "6"]
[White "Rafikova, Ailin"]
[Black "Altmeyer, Hannah"]
[Result "1-0"]
[ECO "C54"]
[WhiteElo "1287"]
[BlackElo "728"]
[Annotator "NA RC COMBH"]
[PlyCount "99"]
[EventDate "2022.09.28"]
[EventType "team-tourn"]
[EventRounds "7"]
[EventCountry "GER"]
[SourceTitle "playchess.com"]
[Source "ChessBase"]
[SourceQuality "1"]
[TimeControl "40/5400+30:1800+30"]

1. e4 e5 2. Nf3 Nc6 3. Bc4 Bc5 4. c3 Nf6 5. d3 O-O 6. Nbd2 Ng4 7. O-O d6 8. h3 Nf6 9. Re1 Re8 10. Nf1 h6 11. Ng3 Na5 12. Bb5 c6 13. Ba4 Be6 14. b4 Bb6 15. bxa5 Bxa5 16. Bd2 b5 17. Bb3 Bd7 18. a4 Bb6 19. axb5 cxb5 20. Nh4 Rf8 21. Ngf5 Ne8 22. Ng6 Bxf5 23. exf5 Qf6 24. Nxf8 Kxf8 25. Qf3 Rc8 26. c4 bxc4 27. Bxc4 Rc7 28. Be3 Bxe3 29. fxe3 g6 30. fxg6 Qxf3 31. gxf3 fxg6 32. Ra2 Ke7 33. Rea1 Kf6 34. Rxa7 Rc5 35. Rf7+ Kg5 36. e4 h5 37. Ra8 Nc7 38. Rc8 Rxc4 39. dxc4 Na6 40. Rc6 Nb4 41. Rxd6 Nd3 42. Rxd3 Kh6 43. c5 Kg5 44. c6 h4 45. c7 Kh5 46. c8=Q g5 47. Rh7+ Kg6 48. Rd6+ Kxh7 49. Qc7+ Kh8 50. Rd8# 1-0

[Event "Germany Countries-chT Youth 2022"]
[Site "Wiesbaden"]
[Date "2022.10.03"]
[Round "6"]
[White "Struebel, Katharina"]
[Black "Richter, Johanna"]
[Result "0-1"]
[ECO "B34"]
[WhiteElo "1273"]
[BlackElo "1249"]
[Annotator "NA RC COMBH"]
[PlyCount "120"]
[EventDate "2022.09.28"]
[EventType "team-tourn"]
[EventRounds "7"]
[EventCountry "GER"]
[SourceTitle "playchess.com"]
[Source "ChessBase"]
[SourceQuality "1"]
[TimeControl "40/5400+30:1800+30"]

1. e4 c5 2. Nf3 Nc6 3. d4 cxd4 4. Nxd4 Nf6 5. Nc3 e5 6. Ndb5 d6 7. Nd5 Nxd5 8. exd5 Nb8 9. Qf3 Be7 10. Qc3 Na6 11. Be3 Bd7 12. Nxa7 Nc7 13. Bb6 Nxd5 14. Bxd8 Nxc3 15. Bxe7 Kxe7 16. bxc3 Rxa7 17. Bd3 h6 18. O-O Rha8 19. Bc4 Rc8 20. Bb3 Rxc3 21. f4 Be6 22. fxe5 dxe5 23. Rf2 Bxb3 24. cxb3 Rxb3 25. Re2 Rb5 26. Rae1 f6 27. Rc2 b6 28. Re3 Rc5 29. Rb2 b5 30. Rg3 Ke6 31. Rgb3 Kf7 32. Rxb5 Rxb5 33. Rxb5 Rxa2 34. Rb7+ Kg6 35. Rb3 e4 36. Re3 f5 37. g4 Rd2 38. gxf5+ Kxf5 39. Rg3 g6 40. Rh3 h5 41. Kf1 Rd3 42. Rh4 Re3 43. Kf2 Kg5 44. Kxe3 Kxh4 45. Kxe4 g5 46. Kf5 g4 47. Kf4 Kh3 48. Kg5 Kxh2 49. Kxh5 g3 50. Kg5 g2 51. Kf4 g1=Q 52. Kf3 Qe1 53. Kf4 Qe2 54. Kf5 Kg3 55. Kf6 Kg4 56. Kf7 Qe5 57. Kf8 Qc7 58. Kg8 Kg5 59. Kh8 Kg6 60. Kg8 Qg7# 0-1

[Event "Germany Countries-chT Youth 2022"]
[Site "Wiesbaden"]
[Date "2022.10.03"]
[Round "6"]
[White "Chandrasekher, Ritu"]
[Black "Färber, Anna"]
[Result "1-0"]
[ECO "C15"]
[WhiteElo "1262"]
[BlackElo "1165"]
[Annotator "NA RC COMBH"]
[PlyCount "87"]
[EventDate "2022.09.28"]
[EventType "team-tourn"]
[EventRounds "7"]
[EventCountry "GER"]
[SourceTitle "playchess.com"]
[Source "ChessBase"]
[SourceQuality "1"]
[TimeControl "40/5400+30:1800+30"]

1. e4 e6 2. d4 d5 3. Nc3 Bb4 4. a3 Bxc3+ 5. bxc3 dxe4 6. Qg4 Nf6 7. Qxg7 Rg8 8. Qh6 c5 9. Ne2 Nc6 10. Qe3 Bd7 11. Ng3 Qb6 12. Nxe4 Ng4 13. Qf4 f5 14. Nxc5 Qa5 15. Qd2 Qc7 16. Be2 Ne7 17. h3 Nf6 18. Qe3 Qc6 19. Bf3 Ne4 20. Nxe4 fxe4 21. Bxe4 Qc7 22. Bd2 Bc6 23. Qf3 Rf8 24. Bxc6+ Nxc6 25. Qh5+ Rf7 26. Qg4 Qd6 27. Qg8+ Qf8 28. Qxf8+ Rxf8 29. Rb1 O-O-O 30. Bh6 Rg8 31. O-O e5 32. dxe5 Nxe5 33. Rbd1 Nc4 34. a4 Na3 35. h4 Rde8 36. f4 Re6 37. Bg5 Nxc2 38. f5 Ree8 39. f6 Ref8 40. Rd2 Na3 41. Kh2 Kc7 42. Rdf2 Rg6 43. f7 Re6 44. Rf6 1-0

[Event "Germany Countries-chT Youth 2022"]
[Site "Wiesbaden"]
[Date "2022.10.03"]
[Round "6"]
[White "Hoffmann, Sophia"]
[Black "Gavrylyuk, Oleksandr"]
[Result "1-0"]
[ECO "D00"]
[WhiteElo "1258"]
[BlackElo "1263"]
[Annotator "NA RC COMBH"]
[PlyCount "85"]
[EventDate "2022.09.28"]
[EventType "team-tourn"]
[EventRounds "7"]
[EventCountry "GER"]
[SourceTitle "playchess.com"]
[Source "ChessBase"]
[SourceQuality "1"]
[TimeControl "40/5400+30:1800+30"]

1. d4 d5 2. Bf4 c6 3. c3 Nf6 4. Nf3 Bf5 5. Nbd2 e6 6. e3 Nbd7 7. Be2 Be7 8. O-O O-O 9. Ne5 Nxe5 10. Bxe5 Nd7 11. Bg3 c5 12. Bg4 Bg6 13. Rc1 b5 14. Nf3 a5 15. a4 b4 16. cxb4 cxb4 17. Rc7 Nb6 18. Rb7 Rc8 19. Ra7 Nc4 20. b3 Na3 21. Qe2 Bc2 22. Rc1 Bd6 23. Nd2 Bxg3 24. hxg3 Qb6 25. Qa6 Qxa6 26. Rxa6 Bd3 27. Rxc8 Bxa6 28. Rc5 f5 29. Rxa5 fxg4 30. Rxa6 Rc8 31. Kf1 Rc2 32. Ke1 Rc1+ 33. Ke2 Rc2 34. Kd1 Rb2 35. Rxe6 Nb1 36. Nxb1 Rxb1+ 37. Kc2 Rf1 38. Rb6 Rxf2+ 39. Kd3 Rxg2 40. Rxb4 Rxg3 41. a5 Rg2 42. a6 Ra2 43. Ra4 1-0